 Dungeon Crawl Stone Soup version 0.30.1-9-gdf580d7c3d (webtiles) character file.

Game seed: 7711895222185811563

80 lonewolfV2 the Shield-Bearer (level 4, -1/37 HPs)
             Began as a Formicid Fighter on Oct 3, 2023.
             Slain by a gnoll
             ... wielding a +0 spear
              (5 damage)
             ... on level 3 of the Dungeon.
             The game lasted 00:02:23 (1576 turns).

lonewolfV2 the Shield-Bearer (Formicid Fighter)     Turns: 1576, Time: 00:02:25

Health: -1/37      AC:  7    Str: 23    XL:     4   Next: 65%
Magic:  4/4        EV:  9    Int:  7    God:
Gold:   53         SH:  5    Dex: 13    Spells: 3/3 levels left

rFire   . . .        a - +0 war axe
rCold   . . .        c - +0 buckler
rNeg    . . .        b - +0 scale mail
rPois   .            (helmet unavailable)
rElec   .            (no cloak)
rCorr   .            (no gloves)
SInv    +            (no boots)
Will    .....        (no amulet) Stlth
                     g - ring of see invisible
HPRegen 0.26/turn    (no ring)
MPRegen 0.09/turn

%: no passive effects
@: mighty
A: permanent stasis, dig shafts and tunnels, antennae 3, four strong arms
a: Dig, Shaft Self


You were on level 3 of the Dungeon.
You visited 1 branch of the dungeon, and saw 3 of its levels.

You collected 53 gold pieces.

Inventory:

Hand Weapons
 a - a +0 war axe (weapon)
Armour
 b - a +0 scale mail (worn)
 c - a +0 buckler (worn)
Jewellery
 g - a ring of see invisible (left hand)
 l - a ring of resist corrosion
Scrolls
 f - 2 scrolls of identify {unknown}
 k - a scroll of blinking {unknown}
 m - a scroll of amnesia {unknown}
Potions
 e - a potion of heal wounds {unknown}
 h - a potion of cancellation {unknown}
 i - a potion of berserk rage {unknown}
 j - 3 potions of haste {unknown}
 n - a potion of degeneration {unknown}
 o - a potion of curing {unknown}


   Skills:
 + Level 3.7 Fighting
 + Level 3.2 Axes
 + Level 4.0 Armour
 + Level 0.5 Dodging
 + Level 4.3 Shields


You had 3 spell levels left.
You didn't know any spells.
Your spell library was empty.

Dungeon Overview and Level Annotations

Branches:
Dungeon (3/15)

Altars:

Shops:
D:2 :


Innate Abilities, Weirdness & Mutations

You cannot be hasted, slowed, berserked, paralysed or teleported.
You can dig through walls and to a lower floor.
You have a pair of large antennae on your head. (SInv)
Your four strong arms can wield two-handed weapons with a shield.


Message History

You hit the gnoll.
The adder bites you but does no damage. x2
The gnoll hits you but does no damage. The gnoll misses you.
You feel very mighty all of a sudden. The adder misses you.
The gnoll hits you but does no damage. x2
The adder bites you but does no damage.
You slash the adder!
You kill the adder!
You closely miss the gnoll. The gnoll barely misses you.
The gnoll hits you but does no damage.
You closely miss the kobold. You closely miss the gnoll.
The gnoll barely misses you. The gnoll hits you with a +0 whip.
The kobold barely misses you. You block the kobold's attack.
The gnoll barely misses you.
The gnoll hits you from afar with a +0 spear.
Unknown command.
You closely miss the kobold. You hit the gnoll.
The gnoll hits you from afar with a +0 spear.
The gnoll hits you with a +0 whip. The kobold hits you but does no damage.
You barely miss the kobold. You barely miss the gnoll.
The gnoll barely misses you. You block the gnoll's attack.
The kobold hits you but does no damage.
You barely miss the kobold. You slash the gnoll!
You kill the gnoll!
The gnoll completely misses you. The kobold barely misses you. x2
The gnoll hits you with a +0 whip.
* * * LOW HITPOINT WARNING * * *
The gnoll misses you.
Your Armour skill increases to level 4!
Unknown command.
You slash the kobold!
You kill the kobold!
You hit the gnoll. The gnoll barely misses you.
The gnoll hits you but does no damage.
You slice the gnoll!!
You kill the gnoll!
You completely miss the gnoll. The gnoll closely misses you.
The gnoll hits you from afar with a +0 spear.
* * * LOW HITPOINT WARNING * * *
The gnoll hits you from afar with a +0 spear.
You die...

....§§§ ...≈§g§
.....§. ######
#.... ..... #
#.##...###..# .#
.......g##..###....
#.##.#.$...........
.##.#.###g!.....#
......†@).......#.
########g##.......
#.# .......
#.##.......
########..........
#.....####........
#).<..####........
#.................
#.....#####.....<#


You could see 2 gnolls.

Vanquished Creatures
  2 gnolls (D:3)
  2 adders
  An orc (D:3)
  7 ball pythons
  6 endoplasms
  3 giant cockroaches
  3 goblins (D:1)
  7 hobgoblins
  7 kobolds
  2 quokkas
  A bat (D:1)
  3 frilled lizards
  4 rats
48 creatures vanquished.

Notes
Turn   | Place    | Note
-------+----------+-------------------------------------------
     0 | D:1      | lonewolfV2 the Formicid Fighter began the quest for the
                  | Orb.
     0 | D:1      | Reached XP level 1. HP: 18/18 MP: 1/1
   109 | D:1      | Reached XP level 2. HP: 24/24 MP: 2/2
   321 | D:1      | Reached XP level 3. HP: 26/29 MP: 3/3
   793 | D:2      | Found Honaoch's Vocational Training.
  1065 | D:2      | Reached XP level 4. HP: 28/36 MP: 4/4
  1576 | D:3      | Slain by a gnoll

Illustrated notes

Levels and vault maps discovered:
D:1:      elethiomel_arrival_shortcut, layout_basic,
          chequers_serial_rivers_marsh
D:2:      layout_loops_ring, serial_bayou, serial_bayou_shore_b,
          serial_bayou_lagoon_a, serial_bayou_shore_b, serial_bayou_lagoon_b,
          nicolae_shop_vocational
D:3:      cheibrodos_thug_alley, layout_loops_cross,
          mainiacjoe_overflow_small_starburst, tgw_trog

Skill      XL: |  1  2  3  4 |
---------------+-------------+-----
Axes           | 3 |  3.2
Armour         | 4 |  4.0
Fighting       | |  3.7
Dodging        | |  0.5
Shields        | |  4.3

Action                     |  1- 3 |  4- 6 || total
---------------------------+-------+-------++-------
  Melee: War axe           |    85 |    34 ||   119
    Use: Scroll            |     2 |       ||     2
         Potion            |       |     1 ||     1
 Armour: Scale mail        |    51 |    26 ||    77
  Dodge: Dodged            |    52 |    41 ||    93
  Block: Buckler           |    25 |     9 ||    34
